Cogmind - Beta 16 @@@ ROGUE MODE // 2025.11.14 @ 22:48:24 Player: lrcTempest Result: Self-destructed Performance ------------- Evolutions (6) 3000 Regions Visited (10) 2000 Robots Destroyed (95) 475 Value Destroyed (2841) 2841 Prototype IDs (24) 480 Alien Tech Used (0) 0 Bonus (398) 398 TOTAL SCORE: 9194 Bonus ------- High Alert Combat Kills 98 Aligned with FarCom 300 Cogmind --------- Core Integrity 1003/1150 Matter 183/300 Energy 710/710 System Corruption 4% Temperature Cool (0) Movement Treading (151) Location -4/Upper Caves Parts ------- > --- POWER (2) -------- Fission Core Micro Fission Core > --- PROPULSION (5) --- Light Treads Light Treads Advanced Treads Advanced Treads Advanced Treads > --- UTILITY (9) ------ High-capacity Storage Unit Energy Well Improved Trap Scanner Improved Targeting Computer Advanced Targeting Computer Improved Target Analyzer Core Analyzer Improved Medium Armor Plating Improved Shield Generator > --- WEAPON (3) ------- Gauss Rifle Coil Gun Railgun > --- INVENTORY (20) --- Advanced Heat Sink Energy Well (350) Energy Well (350) Energy Well (350) Matter Compressor (250) Matter Compressor (125) Improved Transmission Jammer High-powered Tractor Beam Trap Reconfigurator Plasma Rifle HERF Cannon Phase Cannon Hypervelocity Coil Gun Hypervelocity Coil Gun Hypervelocity Coil Gun Mini Grenade Launcher Smartbomb Launcher Plasma Cutter Chainsword Peak State ------------ > --- POWER ------------ Fission Core Micro Fission Core > --- PROPULSION ------- Light Treads Light Treads Advanced Treads Advanced Treads Advanced Treads > --- UTILITY ---------- High-capacity Storage Unit Energy Well Improved Trap Scanner Advanced Targeting Computer Improved Target Analyzer Core Analyzer Improved Medium Armor Plating Improved Shield Generator System Restoration Module > --- WEAPON ----------- Coil Gun Smartbomb Launcher > --- INVENTORY -------- Advanced Heat Sink Energy Well Energy Well Energy Well Matter Compressor Matter Compressor Improved Transmission Jammer High-powered Tractor Beam Trap Reconfigurator Plasma Rifle HERF Cannon Phase Cannon Hypervelocity Coil Gun Hypervelocity Coil Gun Hypervelocity Coil Gun Mini Grenade Launcher Plasma Cutter Chainsword [Rating: 83] Favorites ----------- Power Ion Engine Engine Ion Engine Power Core Micro Nuclear Core Propulsion Light Treads Treads Light Treads Utility High-capacity Storage Unit Device Seismic Detector Storage High-capacity Storage Unit Processor Advanced Targeting Computer Hackware Advanced Hacking Suite Protection Heavy Armor Plating Weapon Gauss Rifle Energy Cannon Phase Cannon Ballistic Gun Gauss Rifle Launcher Shock Bomb Launcher Slashing Weapon Chainsword Build | -11 -10 -10 -10 -9 -8 -7 -6 -5 -4 -4 ------- Run | Yrd Mat Min Exi Min Mat Fac Fac Fac Fac Upp Slots Evolved 12 | . . . . . 4 2 2 2 2 . Power 1 | . . . . . . . . 1 . . Propulsion 3 | . . . . . 1 1 . . 1 . Utility 7 | . . . . . 2 1 2 1 1 . Weapon 1 | . . . . . 1 . . . . . Parts Attached 64 | 5 10 . . . 11 8 9 5 16 . Power 8 | 1 1 . . . . 1 2 1 2 . Engine 2 | 1 1 . . . . . . . . . Core 6 | . . . . . . 1 2 1 2 . Reactor . | . . . . . . . . . . . Propulsion 13 | 2 2 . . . 2 4 . 1 2 . Treads 13 | 2 2 . . . 2 4 . 1 2 . Leg . | . . . . . . . . . . . Wheel . | . . . . . . . . . . . Hover . | . . . . . . . . . . . Flight . | . . . . . . . . . . . Utility 26 | . 5 . . . 6 1 4 2 8 . Device 10 | . 1 . . . 3 1 2 . 3 . Storage 4 | . 3 . . . . . . . 1 . Processor 5 | . . . . . 1 . 1 1 2 . Hackware 1 | . . . . . . . . 1 . . Protection 6 | . 1 . . . 2 . 1 . 2 . Artifact . | . . . . . . . . . . . Weapon 17 | 2 2 . . . 3 2 3 1 4 . Energy Gun . | . . . . . . . . . . . Energy Cannon 1 | . . . . . . . . . 1 . Ballistic Gun 12 | 2 2 . . . 3 1 2 . 2 . Ballistic Cannon . | . . . . . . . . . . . Launcher 3 | . . . . . . 1 1 . 1 . Special Weapon . | . . . . . . . . . . . Impact Weapon . | . . . . . . . . . . . Slashing Weapon 1 | . . . . . . . . 1 . . Piercing Weapon . | . . . . . . . . . . . Special Melee Weapon . | . . . . . . . . . . . Unidentified Prototypes 1 | . . . . . 1 . . . . . Parts Lost 4 | . 3 . . . . . . . 1 . Power . | . . . . . . . . . . . Propulsion 2 | . 2 . . . . . . . . . Utility 1 | . . . . . . . . . 1 . Weapon 1 | . 1 . . . . . . . . . Highest Loss Streak 2 | . 2 . . . . . . . 1 . To Critical Strikes . | . . . . . . . . . . . Average Backups 15 | 1 8 14 15 19 18 17 18 18 18 19 Power . | . . . . . . . . . . . Propulsion 1 | . . 2 2 2 1 4 3 2 . . Utility 6 | . 3 6 7 11 9 7 6 6 7 9 Weapon 6 | . 3 5 5 5 5 5 7 7 9 9 Tool/Special . | . . . . . . . . . . . Unused Backups 35 | . 2 . . . 10 4 . 2 5 12 Power . | . . . . . . . . . . . Propulsion 2 | . . . . . 1 1 . . . . Utility 18 | . 2 . . . 6 . . 2 2 6 Weapon 14 | . . . . . 3 3 . . 3 5 Tool/Special 1 | . . . . . . . . . . 1 Average Slot Usage (%) 96 | . 92 100 100 100 97 99 92 88 96 100 Engine 6 | . 14 14 14 14 9 1 . . . . Core 3 | . . . . . . 5 6 6 10 10 Treads 25 | . 21 28 28 28 26 30 26 23 26 26 Device 8 | . 5 14 14 14 2 8 9 8 11 10 Storage 9 | . 13 14 14 14 9 7 6 5 6 10 Processor 7 | . . . . . . 7 9 16 17 21 Protection 8 | . 8 . . . 23 13 12 5 5 5 Ballistic Gun 21 | . 28 28 28 28 26 22 19 11 13 15 Peak Build Rating 83 | 5 9 11 12 12 32 43 55 67 83 81 Average Rating 36 | 4 7 10 11 12 24 37 50 59 77 81 On Entrance 28 | . 5 9 11 12 12 27 41 52 65 81 Avg Prop Armor Cover (%) . | . . . . . . . . . . . Naked Turns . | . . . . . . . . . . . Heaviest Build 94 | 7 51 51 51 51 64 68 83 83 94 89 Greatest Support 106 | 40 40 40 40 40 60 86 84 84 106 106 Greatest Overweight (x) 5 | . 5 1 1 1 1 . 1 1 . . Average Overweight (x) . | . . 1 1 1 . . . . . . Largest Inventory Capacity 20 | 5 20 20 20 20 20 20 20 20 20 20 Average Capacity 18 | 5 10 20 20 20 20 20 20 20 20 20 Most Carried 20 | 5 13 16 20 20 20 20 20 20 20 20 Average Carried 16 | 1 8 15 16 20 19 19 19 19 19 20 Final Capacity 20 | 5 20 20 20 20 20 20 20 20 20 20 Final Carried 20 | 2 12 16 20 20 20 20 20 20 20 20 Class Distribution -------------------- 38% | Mutant 32% | Scavenger-Gunner 23% | Tank Dominant Class ---------------- Mutant | -10/Materials Mutant | -10/Mines Mutant | -10/Exiles Mutant | -9/Mines Tank | -8/Materials Tank | -7/Factory Scavenger-Gunner | -6/Factory Scavenger-Gunner | -5/Factory Scavenger-Gunner | -4/Factory Scavenger-Gunner | -4/Upper Caves Resources | -11 -10 -10 -10 -9 -8 -7 -6 -5 -4 -4 ----------- Run | Yrd Mat Min Exi Min Mat Fac Fac Fac Fac Upp Matter Collected 4635 | 267 428 202 800 . 320 496 418 55 1649 . Remotely 366 | . . . . . 28 211 . . 127 . Salvage Created 4128 | 123 634 142 . . 173 613 709 24 1710 . Parts 203 | 4 41 7 . . 8 37 29 5 72 . Haulers Intercepted 4 | . 1 . . . 2 1 . . . . Recyclers Shooed 9 | . . . . . . 1 2 . 6 . Parts Field Recycled . | . . . . . . . . . . . Retrieved Matter . | . . . . . . . . . . . Parts Self-Destructed . | . . . . . . . . . . . Prevented . | . . . . . . . . . . . Parts Restored . | . . . . . . . . . . . Kills | -11 -10 -10 -10 -9 -8 -7 -6 -5 -4 -4 ------- Run | Yrd Mat Min Exi Min Mat Fac Fac Fac Fac Upp Combat Hostiles Destroyed 53 | . 15 3 . . . 9 4 . 22 . Guns 46 | . 15 3 . . . 6 4 . 18 . AOE 7 | . . . . . . 3 . . 4 . Classes Destroyed 14 | 2 4 1 . . 1 4 1 . 1 . Worker 11 | . . 1 . . 1 2 1 . 6 . Builder 5 | . . . . . . 1 1 1 2 . Tunneler 3 | 1 . . . . 2 . . . . . Hauler 4 | . 1 . . . 2 1 . . . . Recycler 12 | 1 1 1 . . . 2 3 . 4 . Mechanic 1 | . . . . . 1 . . . . . Operator 1 | . . . . . . . . . 1 . Watcher 5 | . 2 . . . . . . . 3 . Swarmer 21 | . 6 3 . . . 3 . . 9 . Grunt 16 | . 9 . . . . 1 2 . 4 . Duelist 1 | . . . . . . 1 . . . . Sentry 2 | . . . . . . 1 . . 1 . Specialist 2 | . . . . . . . 2 . . . Programmer 11 | . . . . . . 3 . . 8 . Best Kill Streak 9 | 1 5 3 . . 4 5 4 1 9 . Combat Bots Only 9 | . 5 3 . . . 3 2 . 9 . Max Kills in Single Turn 5 | 1 2 1 . . 2 4 2 1 5 . Gunslinging 1 | . 1 . . . . . . . . . Exploded 4 | . . . . . . 2 . . 4 . Melee . | . . . . . . . . . . . Uniques/NPCs Destroyed . | . . . . . . . . . . . Combat | -11 -10 -10 -10 -9 -8 -7 -6 -5 -4 -4 -------- Run | Yrd Mat Min Exi Min Mat Fac Fac Fac Fac Upp Hostile Shots Fired 283 | . 75 7 . . . 50 34 . 117 . Missed 82 | . 19 1 . . . 22 12 . 28 . Hits 201 | . 56 6 . . . 28 22 . 89 . Projectile 201 | . 56 6 . . . 28 22 . 89 . Critical Strikes 8 | . . . . . . 2 . . 6 . Damage Taken 3101 | . 576 38 . . . 450 413 15 1609 . Core 305 | . 85 6 . . . 49 18 . 147 . Absorbed by Shields 248 | . . . . . . . . . 248 . Redirected to Shielding 52 | . 15 . . . . 21 16 . . . Core Remaining (%) 92 | 100 . . . 63 100 93 97 100 . . Volleys Fired 225 | 13 59 6 . . 10 32 18 5 82 . Largest 3 | 2 2 2 . . 3 3 3 1 3 . Hottest 141 | 40 43 43 . . 73 85 91 36 141 . Shots Fired 571 | 26 118 12 . . 30 90 54 5 236 . Gun 548 | 26 118 12 . . 30 86 51 1 224 . Cannon 6 | . . . . . . . . . 6 . Launcher 17 | . . . . . . 4 3 4 6 . Special . | . . . . . . . . . . . Kinetic 548 | 26 118 12 . . 30 86 51 1 224 . Thermal 6 | . . . . . . . . . 6 . Explosive 14 | . . . . . . 4 3 1 6 . Electromagnetic 3 | . . . . . . . . 3 . . Robot Hit Streak 17 | 3 10 3 . . 8 10 13 9 17 . Robot Miss Streak 3 | 2 3 2 . . 3 2 2 . 3 . Penetration Max 2 | . . . . . . . 1 . 2 . Secondary Targets 8 | . 2 1 . . . 1 . . 4 . Max Gunslinging Chain 1 | . 1 1 . . . 1 . . 1 . Shots Hit Robots 324 | 9 79 7 . . 14 51 30 1 133 . Core Hits 163 | 3 31 5 . . 7 27 21 1 68 . Critical Kills 10 | . . . . . . . 4 . 6 . Critical Parts Destroyed 10 | . 2 . . . . . 1 . 7 . Critical Strikes 20 | . 2 . . . . . 5 . 13 . Destroy 20 | . 2 . . . . . 5 . 13 . Melee Attacks 1 | . . . . . . . . 1 . . Impact . | . . . . . . . . . . . Slashing 1 | . . . . . . . . 1 . . Piercing . | . . . . . . . . . . . Sneak Attacks . | . . . . . . . . . . . Combat Hostiles . | . . . . . . . . . . . Follow-up Attacks . | . . . . . . . . . . . Damage Inflicted 7667 | 151 1071 89 . . 267 1160 600 22 4307 . Guns 6513 | 151 1071 89 . . 263 834 517 22 3566 . Cannons 59 | . . . . . . . . . 59 . Explosions 1088 | . . . . . . 326 83 . 679 . Melee . | . . . . . . . . . . . Ramming 7 | . . . . . 4 . . . 3 . Kinetic 6513 | 151 1071 89 . . 263 834 517 22 3566 . Thermal 59 | . . . . . . . . . 59 . Explosive 1038 | . . . . . . 326 33 . 679 . Electromagnetic 50 | . . . . . . . 50 . . . Impact . | . . . . . . . . . . . Slashing . | . . . . . . . . . . . Piercing . | . . . . . . . . . . . Highest Corruption 5 | . . . . . . 1 . . 5 4 Average Corruption 3 | . . . . . . 1 . . 4 4 Corruption Purged 5 | . . . . . . . . . 5 . Corruption Blocked . | . . . . . . . . . . . Effects 33 | . . . . . . 1 . . 28 4 Message Errors 5 | . . . . . . . . . 3 2 Matter Fused 9 | . . . . . . . . . 8 1 Heat Flow Errors 5 | . . . . . . 1 . . 3 1 Energy Discharges 1 | . . . . . . . . . 1 . Data Loss (minor) 6 | . . . . . . . . . 6 . Data Loss (major) 1 | . . . . . . . . . 1 . Misfires 3 | . . . . . . . . . 3 . Alerts 3 | . . . . . . . . . 3 . Overload Shots . | . . . . . . . . . . . Overflow Damage 84 | . . . . . . 16 . . 68 . Projectiles . | . . . . . . . . . . . Explosions 84 | . . . . . . 16 . . 68 . Melee . | . . . . . . . . . . . Knockbacks . | . . . . . . . . . . . Impact . | . . . . . . . . . . . Kinetic . | . . . . . . . . . . . Secondary . | . . . . . . . . . . . Self-Inflicted Damage 64 | . . . . . . 49 . 15 . . Shots 2 | . . . . . . 1 . 1 . . Rammed 3 | . . . . . 1 1 . . 1 . Targets Rammed 3 | . . . . . 1 1 . . 1 . Kicked . | . . . . . . . . . . . Crushed . | . . . . . . . . . . . Highest Temperature 236 | . 16 2 . . 60 136 192 . 236 229 Average Temperature 48 | . 3 1 . . 22 48 76 . 49 119 Received Heat Transfer 567 | . 228 . . . . 63 81 . 195 . Siege Activations . | . . . . . . . . . . . Martial Activations . | . . . . . . . . . . . Shielding Activations . | . . . . . . . . . . . Robots Disrupted . | . . . . . . . . . . . Combat Hostiles . | . . . . . . . . . . . Robots Corrupted . | . . . . . . . . . . . Combat Hostiles . | . . . . . . . . . . . Parts Fried 1 | . . . . . . . 1 . . . Impact Corruptions . | . . . . . . . . . . . Robots Melted . | . . . . . . . . . . . Combat Hostiles . | . . . . . . . . . . . Parts Melted 1 | . . . . . . . . . 1 . Heat Transferred 74 | . . . . . . . . . 74 . Parts Sabotaged . | . . . . . . . . . . . Parts Stolen . | . . . . . . . . . . . Parts Stripped . | . . . . . . . . . . . Power Chain Reactions . | . . . . . . . . . . . Alert | -11 -10 -10 -10 -9 -8 -7 -6 -5 -4 -4 ------- Run | Yrd Mat Min Exi Min Mat Fac Fac Fac Fac Upp Maximum Alert Level 2 | . . . . . . . . . 2 . Low Security (%) 94 | 100 100 100 . 100 100 100 100 100 76 . Level 1 . | . . . . . . . . . . . Level 2 5 | . . . . . . . . . 22 . Level 3 . | . . . . . . . . . . . Level 4 . | . . . . . . . . . . . Level 5 . | . . . . . . . . . . . High Security . | . . . . . . . . . . . Max Security . | . . . . . . . . . . . Peak Influence 622 | 5 128 100 . . 16 109 142 10 622 . Initial . | . . . . . . . . . . . Average 49 | . 36 11 . . . 44 42 . 140 . Influence Increases 2166 | 10 386 110 . . 34 292 208 17 1109 . Destroy 0b10 Robot/C 1060 | . 300 60 . . . 180 80 . 440 . Destroy 0b10 Robot/NC 210 | 10 20 10 . . 30 30 25 5 80 . Destroy Leader 246 | . 66 10 . . 4 60 20 . 86 . Successful Hack 12 | . . . . . . 7 . . 5 . Disable Machine 435 | . . 30 . . . . 60 . 345 . Destroy Structure 173 | . . . . . . 15 8 12 138 . Lose Combat Pursuer 30 | . . . . . . . 15 . 15 . Influence Decreases 1852 | 10 386 110 . . 34 292 208 15 501 296 Entered New Map 228 | . . . . . . . . . 2 226 Time Decay 1513 | 10 356 110 . . 34 221 208 15 489 70 Lost Part 40 | . 30 . . . . . . . 10 . Purge Threat 71 | . . . . . . 71 . . . . Squads Dispatched 22 | . 2 . . . . 5 6 1 8 . Investigation 1 | . 1 . . . . . . . . . Extermination 8 | . . . . . . 2 1 1 4 . Reinforcement 7 | . 1 . . . . . 4 . 2 . Assault 1 | . . . . . . . . . 1 . Garrison 5 | . . . . . . 3 1 . 1 . Intercept . | . . . . . . . . . . . Searches Triggered . | . . . . . . . . . . . Construction Impeded 1 | . . . . . . . 1 . . . Haulers Reinforced . | . . . . . . . . . . . Active Scanning Responses . | . . . . . . . . . . . Cargo Convoy Interrupts . | . . . . . . . . . . . Stealth | -11 -10 -10 -10 -9 -8 -7 -6 -5 -4 -4 --------- Run | Yrd Mat Min Exi Min Mat Fac Fac Fac Fac Upp Distress Signals 5 | . 1 . . . 1 . 1 . 2 . Communications Jammed . | . . . . . . . . . . . Distress Signals . | . . . . . . . . . . . Times Spotted 89 | . 27 2 . . 1 17 12 . 30 . Peak Tracking Total 7 | . 6 2 . . 1 3 7 . 4 . Tactical Retreats 2 | . . . . . . . 1 . 1 . Traps | -11 -10 -10 -10 -9 -8 -7 -6 -5 -4 -4 ------- Run | Yrd Mat Min Exi Min Mat Fac Fac Fac Fac Upp Traps Triggered 4 | . 2 . . . 1 1 . . . . Indirectly . | . . . . . . . . . . . Trap Hack Attempts . | . . . . . . . . . . . Triggered . | . . . . . . . . . . . Disarmed . | . . . . . . . . . . . Reprogrammed . | . . . . . . . . . . . Reused . | . . . . . . . . . . . Traps Reconfigurated 1 | . . . . . 1 . . . . . Traps Extracted . | . . . . . . . . . . . Installed . | . . . . . . . . . . . Triggered . | . . . . . . . . . . . Machines | -11 -10 -10 -10 -9 -8 -7 -6 -5 -4 -4 ---------- Run | Yrd Mat Min Exi Min Mat Fac Fac Fac Fac Upp Machines Disabled 29 | . . 2 . . . . 4 . 23 . Max in Single Turn 8 | . . 1 . . . . 4 . 8 . Garrison Access 1 | . . . . . . . . 1 . . Machines Repaired . | . . . . . . . . . . . Machines Dismantled . | . . . . . . . . . . . Machines Sabotaged . | . . . . . . . . . . . Overloaded Fab Kills . | . . . . . . . . . . . Hacking | -11 -10 -10 -10 -9 -8 -7 -6 -5 -4 -4 --------- Run | Yrd Mat Min Exi Min Mat Fac Fac Fac Fac Upp Machines Accessed 13 | . 1 . 2 . 1 5 1 1 2 . Terminals 6 | . . . . . 1 3 1 . 1 . Fabricators . | . . . . . . . . . . . Repair Stations . | . . . . . . . . . . . Recycling Units 1 | . 1 . . . . . . . . . Scanalyzers 2 | . . . . . . 1 . . 1 . Garrison Access 2 | . . . . . . 1 . 1 . . Total Hacks 29 | . 4 . 2 . 3 11 1 2 6 . Successful 13 | . 1 . 2 . . 5 1 1 3 . Failed 16 | . 3 . . . 3 6 . 1 3 . Catastrophic 3 | . . . . . . 3 . . . . Database Lockouts . | . . . . . . . . . . . Manual 6 | . . . 1 . . 1 . . 4 . Terminals 16 | . . . . . 3 8 1 . 4 . Fabricators . | . . . . . . . . . . . Repair Stations . | . . . . . . . . . . . Recycling Units 4 | . 4 . . . . . . . . . Scanalyzers 4 | . . . . . . 2 . . 2 . Garrison Access 3 | . . . . . . 1 . 2 . . Terminal Hacks 6 | . . . 2 . . 3 1 . . . Record 2 | . . . 1 . . . 1 . . . Robot Analysis 1 | . . . . . . 1 . . . . Unreport Threat 2 | . . . . . . 2 . . . . Proto ID Catalog 1 | . . . 1 . . . . . . . Fabricator Hacks . | . . . . . . . . . . . Repair Station Hacks . | . . . . . . . . . . . Recycling Unit Hacks 1 | . 1 . . . . . . . . . Retrieve Components 1 | . 1 . . . . . . . . . Scanalyzer 3 | . . . . . . 2 . . 1 . Retrieve Study 3 | . . . . . . 2 . . 1 . Garrison Access Hacks 1 | . . . . . . . . 1 . . Seal Access 1 | . . . . . . . . 1 . . Unauthorized Hacks 2 | . . . . . . . . . 2 . Terminals 2 | . . . . . . . . . 2 . Assimilate 1 | . . . . . . . . . 1 . Disrupt 1 | . . . . . . . . . 1 . Fabricators . | . . . . . . . . . . . Repair Stations . | . . . . . . . . . . . Recycling Units . | . . . . . . . . . . . Scanalyzers . | . . . . . . . . . . . Garrison Access . | . . . . . . . . . . . Data Cores Recovered . | . . . . . . . . . . . Used . | . . . . . . . . . . . Hacking Detections 9 | . 1 . . . 1 4 . 1 2 . Full Trace Events . | . . . . . . . . . . . Feedback Events . | . . . . . . . . . . . Feedback Blocked . | . . . . . . . . . . . Robot Schematics Acquired . | . . . . . . . . . . . Robots Built . | . . . . . . . . . . . Authchips . | . . . . . . . . . . . Time . | . . . . . . . . . . . Total Robot Build Rating . | . . . . . . . . . . . Part Schematics Acquired . | . . . . . . . . . . . Parts Built . | . . . . . . . . . . . Authchips . | . . . . . . . . . . . Time . | . . . . . . . . . . . Total Part Build Rating . | . . . . . . . . . . . Part Studies Acquired 3 | . . . . . . 2 . . 1 . Parts Repaired . | . . . . . . . . . . . Time . | . . . . . . . . . . . Parts Recycled . | . . . . . . . . . . . Recycled Matter . | . . . . . . . . . . . Retrieved Matter . | . . . . . . . . . . . Retrieved Components 10 | . 10 . . . . . . . . . Parts Scanalyzed . | . . . . . . . . . . . Part Schematics Acquired . | . . . . . . . . . . . Parts Damaged . | . . . . . . . . . . . Bothacking | -11 -10 -10 -10 -9 -8 -7 -6 -5 -4 -4 ------------ Run | Yrd Mat Min Exi Min Mat Fac Fac Fac Fac Upp Used RIF Installer . | . . . . . . . . . . . Robots Hacked . | . . . . . . . . . . . Non-combat . | . . . . . . . . . . . Combat . | . . . . . . . . . . . Robot Hacks Applied . | . . . . . . . . . . . Relay Couplers Released . | . . . . . . . . . . . Fabnet Peak Effective % . | . . . . . . . . . . . Robots Rewired . | . . . . . . . . . . . Allies Hacked . | . . . . . . . . . . . Hacks Repelled . | . . . . . . . . . . . Allies | -11 -10 -10 -10 -9 -8 -7 -6 -5 -4 -4 -------- Run | Yrd Mat Min Exi Min Mat Fac Fac Fac Fac Upp Total Allies . | . . . . . . . . . . . Largest Group . | . . . . . . . . . . . Highest-Rated Group . | . . . . . . . . . . . Highest-Rated Ally . | . . . . . . . . . . . Total Orders . | . . . . . . . . . . . Ally Attacks . | . . . . . . . . . . . Total Damage . | . . . . . . . . . . . Kills . | . . . . . . . . . . . Allies Corrupted . | . . . . . . . . . . . Allies Melted . | . . . . . . . . . . . Intel | -11 -10 -10 -10 -9 -8 -7 -6 -5 -4 -4 ------- Run | Yrd Mat Min Exi Min Mat Fac Fac Fac Fac Upp Active Infowar (turns) 5719 | . 571 898 549 75 188 920 641 . 1735 142 Traps 1877 | . . . . . . . . . 1735 142 Seismic 3842 | . 571 898 549 75 188 920 641 . . . Robot Analysis Total 1 | . . . . . . 1 . . . . Derelict Logs Recovered 2 | . . 1 . . . . . . . 1 Drone Launches . | . . . . . . . . . . . Drone Recoveries . | . . . . . . . . . . . Exploration | -11 -10 -10 -10 -9 -8 -7 -6 -5 -4 -4 ------------- Run | Yrd Mat Min Exi Min Mat Fac Fac Fac Fac Upp Turns Passed 8634 | 138 1600 898 549 75 1092 921 821 629 1769 142 Spaces Moved 3883 | 71 616 365 228 32 413 529 432 258 845 94 Core 24 | 23 1 . . . . . . . . . Treads 3859 | 48 615 365 228 32 413 529 432 258 845 94 Legs . | . . . . . . . . . . . Wheels . | . . . . . . . . . . . Hover . | . . . . . . . . . . . Flight . | . . . . . . . . . . . Fastest Speed 50 | 50 160 240 240 240 160 148 152 152 151 151 Average Speed 182 | 124 200 240 240 240 219 150 155 181 151 151 Slowest Speed 320 | 160 320 240 240 240 240 156 206 206 151 151 Overloaded Moves . | . . . . . . . . . . . Propulsion Burnouts . | . . . . . . . . . . . Robots Hopped . | . . . . . . . . . . . Potential Cave-ins . | . . . . . . . . . . . Cave-ins Triggered . | . . . . . . . . . . . Exploration Rate (%) 33 | 4 95 78 60 11 41 21 14 8 20 16 Regions Visited 10 Branch Regions 4 Pre-discovered Areas 1 | . . . 1 . . . . . . . Known Exits Taken . | . . . . . . . . . . . Unknown Exits Taken 10 | 1 1 1 1 1 1 1 1 1 1 . Scrap Searched 1 | . . 1 . . . . . . . . Spaces Dug 4 | . . . . . . . . 1 3 . Terrain Destroyed 103 | . . . . . . 15 5 6 77 . Melee 1 | . . . . . . . . 1 . . Projectile 8 | . . . . . . . . . 8 . AOE 94 | . . . . . . 15 5 5 69 . Terrain Rammed . | . . . . . . . . . . . Walls Destroyed . | . . . . . . . . . . . Machines Disabled . | . . . . . . . . . . . Actions | -11 -10 -10 -10 -9 -8 -7 -6 -5 -4 -4 --------- Run | Yrd Mat Min Exi Min Mat Fac Fac Fac Fac Upp Total 5028 | 95 869 377 231 31 590 615 550 411 1165 94 Wait 678 | . 152 4 . . 114 28 76 131 173 . Move 3873 | 70 615 364 227 31 412 528 431 257 844 94 Hop . | . . . . . . . . . . . Pick Up 82 | 7 23 3 4 . 16 7 3 3 16 . Fast Attach 23 | . . . . . 6 1 6 3 7 . Attach 31 | 5 9 . . . 4 3 1 . 9 . Detach 2 | . . . . . . . . . 2 . Swap 45 | . 5 . . . 8 7 6 6 13 . Drop 65 | . 6 . . . 19 8 9 5 18 . Fire 225 | 13 59 6 . . 10 32 18 5 82 . Melee 1 | . . . . . . . . 1 . . Ram . | . . . . . . . . . . . Kick . | . . . . . . . . . . . Crush 3 | . . . . . 1 1 . . 1 . Escape Stasis . | . . . . . . . . . . . Rewire . | . . . . . . . . . . . Trap . | . . . . . . . . . . . Miscellaneous . | . . . . . . . . . . . Route ------- -11/Scrapyard -10/Materials (discovered 6 exits: [*Mat x3] / [*Min x2] / [*Sub]) -10/Mines (discovered 3 exits: [*Mat x2] / *Exi) -10/Exiles -9/Mines -8/Materials -7/Factory -6/Factory -5/Factory -4/Factory -4/Upper Caves History --------- Turn | Location | Event 5 | -11/Scrapyard | Discovered new exit (range 16) 139 | -11/Scrapyard | Entered Materials 202 | -10/Materials | Discovered new exit (range 5) 311 | -10/Materials | Build established: Mutant 358 | -10/Materials | Discovered new exit (range 14) 600 | -10/Materials | Discovered new exit (range 9) 954 | -10/Materials | Discovered new exit (range 10) 1085 | -10/Materials | Discovered new exit (range 16) 1509 | -10/Materials | Discovered new exit (range 8) 1739 | -10/Materials | Entered Mines 1780 | -10/Mines | Met a Derelict bent on vengeance 1799 | -10/Mines | Found a damaged Exp. Sensor Array with a note attached 1803 | -10/Mines | Found Prototype Device 1902 | -10/Mines | Learned Materials emergency access door positions 1919 | -10/Mines | Discovered new exit (range 5) 2029 | -10/Mines | Found a Scrap Suit stashed away for nefarious purposes 2033 | -10/Mines | Found Scrap Suit 2070 | -10/Mines | Discovered new exit (range 4) 2627 | -10/Mines | Deemed a non-threat by the Exiles lab entrance 2627 | -10/Mines | Discovered new exit (range 5) 2637 | -10/Mines | Entered Exiles 2697 | -10/Exiles | Met 8R-AWN 2738 | -10/Exiles | Met EX-HEX 2803 | -10/Exiles | Met EX-BIN 2837 | -10/Exiles | Aligned with FarCom system 2839 | -10/Exiles | Given EX-Vault access code 2894 | -10/Exiles | Opened EX-Vault 2911 | -10/Exiles | Found Trap Reconfigurator 2955 | -10/Exiles | Warned to stay clear of 0b10 Research branches 3030 | -10/Exiles | Met EX-DEC 3039 | -10/Exiles | Learned location of Zion (-7) 3160 | -10/Exiles | Discovered new exit (range 14) 3186 | -10/Exiles | Left Exiles lab with Trap Reconfigurator 3186 | -10/Exiles | Entered Mines 3222 | -9/Mines | Discovered new exit (range 15) 3261 | -9/Mines | Entered Materials 3261 | -8/Materials | Evolved 4 slots: Propulsion x1, Utility x2, Weapon x1 3701 | -8/Materials | Met 7R-MNS 3738 | -8/Materials | Build established: Tank 4279 | -8/Materials | Discovered new exit (range 16) 4353 | -8/Materials | Entered Factory 4353 | -7/Factory | Evolved 2 slots: Propulsion x1, Utility x1 4354 | -7/Factory | Caught up to 7R-MNS 4660 | -7/Factory | Garrison activated, responded to threat 5104 | -7/Factory | Discovered new exit (range 7) 5274 | -7/Factory | Entered another Factory area 5274 | -6/Factory | Evolved 2 slots: Utility x2 5275 | -6/Factory | Caught up to 7R-MNS 5731 | -6/Factory | Garrison activated, responded to threat 5955 | -6/Factory | Discovered new exit (range 16) 5996 | -6/Factory | Build established: Scavenger-Gunner 6095 | -6/Factory | Entered another Factory area 6095 | -5/Factory | Evolved 2 slots: Power x1, Utility x1 6694 | -5/Factory | Discovered new exit (range 16) 6724 | -5/Factory | Entered another Factory area 6724 | -4/Factory | Evolved 2 slots: Propulsion x1, Utility x1 8429 | -4/Factory | Discovered new exit (range 10) 8433 | -4/Factory | Destroyed 9 combat bots 8474 | -4/Factory | First assault squad dispatched 8490 | -4/Factory | Garrison activated, responded to threat 8493 | -4/Factory | Entered Upper Caves 8590 | -4/Upper Caves | Learned 8 Research zone layouts 8635 | -4/Upper Caves | Self-destructed Last Messages --------------- 08428_ K-01 Serf collects debris. 08429_ EXIT=FOUND 08433_ System corrupted: FCS attempts to trigger Coil Gun. 08433_ System corrupted: Coil Gun misfires. 08433_ ALERT: Security rotation in progress. 08447_ Dropped Gauss Rifle. 08458_ System corrupted: Component data lost. 08474_ ALERT: Unidentified disturbance in Zone 3U, assault force dispatched. 08490_ W-44 Eye calls for garrison support. 08490_ ALERT: Activating Garrison Access F002. 08491_ W-44 Eye sends out distress signal. LOCATION=UNKNOWN GOAL=ESCAPE 08505_ 9,B,IH4RST/I C%CU>#%#UYL4|/9P H9&V8X /M 08546_ System corrupted: Heat flow error (+249). 08590_ Acquired derelict log, extracted data. Data stored: Research zone layouts (x8). 08593_ 3# =LT M4EWI#5WPF5ZL#: